 Dungeon Crawl Stone Soup version 0.30.1-4-g462c640d31 (webtiles) character file.

Game seed: 6059653169320252641

98 growler the Trooper (level 4, 0/35 HPs)
             Began as a Demonspawn Gladiator on Aug 15, 2023.
             Killed from afar by an orc wizard (10 damage)
             ... with a puff of flame
             ... on level 3 of the Dungeon.
             The game lasted 00:03:37 (1833 turns).

growler the Trooper (Demonspawn Gladiator)          Turns: 1833, Time: 00:03:38

Health: 0/35       AC:  4    Str: 15    XL:     4   Next: 43%
Magic:  4/4        EV: 12    Int: 11    God:
Gold:   134        SH:  0    Dex: 14    Spells: 3/3 levels left

rFire   . . .        q - +0 dagger (venom)
rCold   . . .        (no shield)
rNeg    . . .        b - +0 leather armour
rPois   .            c - +0 helmet
rElec   .            (no cloak)
rCorr   .            (no gloves)
SInv    .            (no boots)
Will    .....        (no amulet)
Stlth   +            (no ring)
HPRegen 0.25/turn    (no ring)
MPRegen 0.09/turn

%: no passive effects
@: no status effects
A: hooves 1, demonic touch 1
a: no special abilities


You were on level 3 of the Dungeon.
You visited 1 branch of the dungeon, and saw 3 of its levels.

You collected 134 gold pieces.

Inventory:

Hand Weapons
 a - a +0 flail
 q - a +0 dagger of venom (weapon)
Missiles
 d - 2 throwing nets (quivered)
 e - a javelin
Armour
 b - a +0 leather armour (worn)
 c - a +0 helmet (worn)
Scrolls
 k - a scroll of fear {unknown}
 l - a scroll of identify {unknown}
 m - a scroll of enchant armour {unknown}
 n - a scroll of teleportation {unknown}
 o - a scroll of magic mapping {unknown}
 p - 2 scrolls of amnesia {unknown}
Potions
 f - 2 potions of haste {unknown}
 g - 4 potions of attraction {unknown}
 h - a potion of lignification {unknown}
 i - a potion of heal wounds {unknown}
 j - a potion of magic {unknown}


   Skills:
 - Level 3.3 Fighting
 + Level 0.1 Short Blades
 - Level 3.2 Maces & Flails
 - Level 2.4 Throwing
 - Level 3.2 Dodging


You had 3 spell levels left.
You didn't know any spells.
Your spell library was empty.

Dungeon Overview and Level Annotations

Branches:
Dungeon (3/15)

Altars:


Innate Abilities, Weirdness & Mutations

You have large cloven feet.
Your touch may inflict minor irresistible damage on your foes.


Message History

The puff of flame misses you.
You climb upwards.
There is a stone staircase leading down here.
Search for what [? for help]? brand Your +0 dagger of venom begins to drip with poison!
q - a +0 dagger of venom (weapon)
Setting a skill training target for Short Blades at 10.0.
Unknown command.
You climb downwards.
There is a stone staircase leading up here.
You hit the orc. You kick the orc.
You kill the orc!
The orc wizard hits you with a +0 dagger.
Items here: ( )))) [ †.
You hit the orc wizard but do no damage.
The orc wizard is poisoned.
Your kick misses the orc wizard. The orc wizard closely misses you.
You hit the orc wizard.
The orc wizard looks as sick as possible!
You kick the orc wizard. Your touch misses the orc wizard.
The orc wizard is moderately wounded.
The orc wizard casts a spell at you. The puff of flame hits you!
You closely miss the orc wizard.
The orc wizard is moderately wounded.
The orc wizard hits you with a +0 dagger.
You hit the orc wizard but do no damage.
The orc wizard looks as sick as possible!
The orc wizard is heavily wounded.
The orc wizard hits you but does no damage.
You closely miss the orc wizard. Your kick misses the orc wizard.
The orc wizard is heavily wounded.
The orc wizard casts a spell at you. The puff of flame hits you!
* * * LOW HITPOINT WARNING * * *
You completely miss the orc wizard.
The orc wizard is severely wounded.
The orc wizard points at you and mumbles some strange words.
The puff of flame hits you!
You die...

#.....# .... #.#...#
....#### ##.#...#
#..$?.# #......#
##...... #......# .
#......# #......#
..##......###......#
.........#.[)[.####
##. #.#..o@<###
o..#..#.†...###
.#o#..)..#...#
:#.......#.#.#
.#.#....>....#
...#..........
####..........#
)...........###
.##.........#


You could see an orc wizard (extremely poisoned).

Vanquished Creatures
  4 gnolls (D:2)
  An adder (D:2)
  A worm (D:2)
  2 dart slugs
  7 orcs (D:3)
  4 ball pythons
  3 endoplasms
  2 giant cockroaches (D:2)
  4 goblins
  2 hobgoblins
  A quokka (D:3)
  2 bats
  2 kobolds (D:3)
  3 rats
38 creatures vanquished.

Notes
Turn   | Place    | Note
-------+----------+-------------------------------------------
     0 | D:1      | growler the Demonspawn Gladiator began the quest for the
                  | Orb.
     0 | D:1      | Reached XP level 1. HP: 16/16 MP: 1/1
   194 | D:1      | Discovered your monstrous ancestry.
   194 | D:1      | Gained mutation: Your touch may inflict minor irresistible
                  | damage on your foes. [demonic ancestry]
   194 | D:1      | Reached XP level 2. HP: 22/22 MP: 2/2
   523 | D:1      | Found a faded altar of an unknown god.
  1050 | D:2      | Reached XP level 3. HP: 28/28 MP: 3/3
  1205 | D:2      | Gained mutation: You have large cloven feet. [demonic
                  | ancestry]
  1205 | D:2      | Reached XP level 4. HP: 17/34 MP: 4/4
  1833 | D:3      | Killed from afar by an orc wizard

Illustrated notes

Levels and vault maps discovered:
D:1:      amcnicky_arrival_wind_blow, layout_basic,
          dreamdust_ecumenical_altar_statues, minmay_crystal_water,
          minmay_misc_feat_nine_boxes, chequers_serial_rivers_micro_e
D:2:      layout_basic, serial_bayou, serial_bayou_crossing,
          serial_bayou_pond_d, serial_bayou_pond_d, serial_bayou_ford_a,
          roderic_lattice_a
D:3:      layout_basic, zin_angel, tgw_sif, minmay_checkerbox

Skill      XL: |  1  2  3  4 |
---------------+-------------+-----
Throwing       | 2 |  2.4
Maces & Flails | 3 |  3.2
Dodging        | 3 |  3.2
Fighting       | 3 |  3.3
Short Blades   | |  0.1

Action                     |  1- 3 |  4- 6 || total
---------------------------+-------+-------++-------
  Melee: Flail             |    66 |    28 ||    94
         Touch             |     6 |     4 ||    10
         Punch             |     1 |       ||     1
         Dagger            |       |     7 ||     7
         Kick              |       |     7 ||     7
  Throw: Throwing net      |       |     1 ||     1
 Armour: Leather armour    |    18 |     8 ||    26
  Dodge: Dodged            |    51 |    13 ||    64
